 Dungeon Crawl Stone Soup version 0.28.0-53-g5a82cb258f (webtiles) character file.

Game seed: 17450819569202063019

12 cbfl8 the Skirmisher (level 2, -1/40 HPs)
             Began as a Minotaur Berserker on July 26, 2022.
             Was a Follower of Trog.
             Slain by a gnoll
             ... wielding a +0 flail
              (11 damage)
             ... on level 1 of the Dungeon.
             The game lasted 00:00:13 (325 turns).

cbfl8 the Skirmisher (Minotaur Berserker)            Turns: 325, Time: 00:00:15

Health: -1/40      AC:  2    Str: 21    XL:     2   Next: 20%
Magic:  1/1        EV: 12    Int:  4    God:    Trog [*.....]
Gold:   1          SH:  0    Dex:  9    Spells: 1/1 levels left

rFire   . . .      SeeInvis .   a - +0 hand axe
rCold   . . .      Faith    .   (no shield)
rNeg    . . .      Spirit   .   b - +0 animal skin
rPois   .          Reflect  .   (helmet restricted)
rElec   .          Harm     .   (no cloak)
rCorr   .          Rampage  .   (no gloves)
Will    .....                   (no boots)
Stlth   ..........              (no amulet)
HPRegen 0.13/turn               (no ring)
MPRegen 0.07/turn               (no ring)

@: berserking, very quick
A: horns 2, retaliatory headbutt
a: Renounce Religion, Berserk


You were on level 1 of the Dungeon.
You worshipped Trog.
Trog was aware of your devotion.
You visited 1 branch of the dungeon, and saw 1 of its levels.

You collected 1 gold pieces.

Inventory:

Hand Weapons
 a - a +0 hand axe (weapon)
Armour
 b - a +0 animal skin (worn)
Scrolls
 c - a scroll of fog {unknown}
 d - a scroll of identify {unknown}
 e - a scroll of torment {unknown}
Potions
 f - a potion of mutation {unknown}
 g - a potion of might {unknown}


   Skills:
 + Level 4.0 Fighting
 + Level 3.9 Axes
 + Level 2.5 Armour
 + Level 2.5 Dodging


You had one spell level left.
You didn't know any spells.
Your spell library was empty.

Dungeon Overview and Level Annotations

Branches:
Dungeon (1/15)

Altars:

Shops:
D:1 (


Innate Abilities, Weirdness & Mutations

You have a pair of horns on your head.
You reflexively headbutt those who attack you in melee.


Message History

A kobold comes into view. It is wielding a +0 dagger.
The kobold shouts!
You hear a shout!
A kobold is nearby!
A gnoll comes into view. It is wielding a +0 flail.
The gnoll moves out of view.
A kobold is nearby!
There are monsters nearby!
You barely miss the kobold. You headbutt the kobold.
You kill the kobold!
Trog accepts your kill.
Your Fighting skill increases to level 4!
A gnoll is nearby!
The gnoll misses you.
Things that are here:
a +0 dagger; 5 stones; a kobold corpse A gnoll is nearby!
You hit the gnoll.
The gnoll is lightly wounded.
A kobold comes into view. It is wielding a +0 short sword.
The gnoll hits you with a +0 flail!
There are monsters nearby!
You barely miss the gnoll.
The gnoll is lightly wounded.
The gnoll hits you with a +0 flail!
* * * LOW HITPOINT WARNING * * *
There are monsters nearby!
You are too injured to fight recklessly!
There are monsters nearby!
You are too injured to fight recklessly!
There are monsters nearby!
You are too injured to fight recklessly!
A red film seems to cover your vision as you go berserk!
You feel yourself moving faster!
You feel mighty!
The kobold shouts!
The gnoll misses you.
You slash the gnoll!
You headbutt the gnoll, but do no damage.
The gnoll is almost dead.
The gnoll hits you with a +0 flail!
You die...

#.# ## ... .. # #.. .# .#
#..#.##.## #...# #..#.....
#...# # ##.....K # #...#
####.##..#g##.# #...#
#........@....# ###
##...###.##.......###.....
.........(........###.....
...............##.........
...............##..##....
##...###.......##..# ..
#...# #..†....##..# #...#
#.##........# #...#
#.##........###


You could see a gnoll and a kobold.

Vanquished Creatures
  A dart slug (D:1)
  A bat (D:1)
  An endoplasm (D:1)
  2 hobgoblins (D:1)
  A kobold (D:1)
  A quokka (D:1)
  A frilled lizard (D:1)
  A rat (D:1)
9 creatures vanquished.

Notes
Turn   | Place    | Note
-------+----------+-------------------------------------------
     0 | D:1      | cbfl8 the Minotaur Berserker began the quest for the Orb.
     0 | D:1      | Reached XP level 1. HP: 19/19 MP: 0/0
   137 | D:1      | Found Juwk's Antique Weapon Shop.
   224 | D:1      | Reached XP level 2. HP: 27/27 MP: 1/1
   321 | D:1      | Reached skill level 4 in Fighting
   325 | D:1      | Slain by a gnoll

Illustrated notes

Levels and vault maps discovered:
D:1:      minmay_arrival_nine_rooms, layout_loops_cross, serial_shops, shop

Skill      XL: |  1  2 |
---------------+-------+-----
Fighting       | 4 |  4.0
Axes           | |  3.9
Armour         | |  2.5
Dodging        | |  2.5

Action                   || total
-------------------------++-------
Melee: Hand axe          ||    19
       Headbutt          ||     5
Invok: Berserk           ||     1
 Stab: Sleeping          ||     1
Dodge: Dodged            ||    13
